 Dungeon Crawl Stone Soup version 0.32-a0-876-gcfddb08 (webtiles) character file.

Game seed: 2632862924292613040

5009 qhelerd the Cleaver (level 10, -1/95 (96) HPs)
             Began as a Minotaur Fighter on Mar 31, 2024.
             Was an Elder of Okawaru.
             Slain by Erolcha
             ... wielding a +0 giant spiked club
              (13 damage)
             ... on level 9 of the Dungeon.
             The game lasted 00:20:55 (6786 turns).

qhelerd the Cleaver (Minotaur Fighter)              Turns: 6786, Time: 00:20:55

HP:   -1/95 (96)    AC: 11    Str: 25    XL:     10   Next: 29%
MP:   11/12         EV:  8    Int: 11    God:    Okawaru [****..]
Gold: 425           SH: 14    Dex: 10    Spells: 9/9 levels left

rFire   . . .        a - +1 war axe
rCold   . . .        z - +0 tower shield
rNeg    . . .        b - +0 scale mail
rPois   .            (helmet restricted)
rElec   .            (no cloak)
rCorr   .            p - +0 pair of gloves
SInv    .            i - +0 pair of boots
Will    .....        (no amulet)
Stlth   +            y - +6 ring of intelligence
HPRegen 0.35/turn    (no ring)
MPRegen 0.13/turn

%: no passive effects
@: heroic, on berserk cooldown, slowed, lightly drained, very slow
A: horns 2, retaliatory headbutt
a: Renounce Religion, Heroism, Finesse


You were on level 9 of the Dungeon.
You worshipped Okawaru.
Okawaru was greatly pleased with you.
You visited 2 branches of the dungeon, and saw 10 of its levels.

You collected 497 gold pieces.
You spent 72 gold pieces at shops.

Inventory:

Hand Weapons
 a - a +1 war axe (weapon)
 n - a +2 dagger of speed
 o - a +0 morningstar
Missiles
 B - 8 boomerangs (quivered)
 E - 2 silver javelins
 G - a throwing net
Armour
 b - a +0 scale mail (worn)
 c - a +0 buckler
 i - a +0 pair of boots (worn)
 p - a +0 pair of gloves (worn)
 v - a +0 plate armour
 z - a +0 tower shield (worn)
Jewellery
 d - a ring of flight
 g - a ring of ice
 y - a +6 ring of intelligence (left hand)
Wands
 D - a wand of flame (26)
 F - a wand of polymorph (9)
Scrolls
 e - a scroll of enchant armour {unknown}
 f - a scroll of fear {unknown}
 j - a scroll of vulnerability {unknown}
 k - 2 scrolls of enchant weapon
 m - 2 scrolls of blinking
 q - a scroll of identify
 t - 4 scrolls of teleportation
 A - a scroll of fog {unknown}
 I - a scroll of amnesia {unknown}
Potions
 h - a potion of curing {unknown}
 l - a potion of magic {unknown}
 r - 2 potions of brilliance {unknown}
 s - 2 potions of berserk rage
 u - 3 potions of enlightenment {unknown}
 w - a potion of lignification {unknown}
 x - a potion of cancellation {unknown}
 C - a potion of haste {unknown}
 H - a potion of might
 J - a potion of mutation {unknown}


   Skills:
 + Level 11.3(16.3) Fighting
 * Level 13.5(18.5) Axes
 - Level 4.0(9.0) Armour
 - Level 3.9(8.9) Shields
 + Level 4.4 Invocations


You had 9 spell levels left.
You didn't know any spells.
Your spell library contained the following spells:

 Spells                   Type           Power      Damage    Failure   Level
 Magic Dart               Conj           0%         1d3       95%         1
 Searing Ray              Conj           0%         2d4       99%         2
 Dazzling Flash           Conj/Hex       0%         N/A       100%        3
 Frozen Ramparts          Ice            0%         1d1       100%        3
 Ozocubu's Armour         Ice            0%         N/A       100%        3
 Fulminant Prism          Conj/Alch      0%         3d5       100%        4
 Metabolic Englaciation   Hex/Ice        0%         N/A       100%        5
 Starburst                Conj/Fire      0%         6d3       100%        6
 Maxwell's Capacitive Co  Air            0%         ∞         100%        8


Dungeon Overview and Level Annotations

Branches:
Dungeon (9/15)             Temple (1/1) D:4
   Lair: D:8-11         Orc: D:9-12

Altars:
Ashenzari
Cheibriados
Dithmenos
Elyvilon
Fedhas
Gozag
Hepliaklqana
Kikubaaqudgha
Makhleb
Nemelex Xobeh
Okawaru
Qazlal
Ru
Sif Muna
Trog
Uskayaw
Vehumet
Wu Jian
Xom
Yredelemnul
Zin

Shops:
D:2 [   D:4 :   D:7 *

Annotations:
D:3 Grinder
D:9 Erolcha


Innate Abilities, Weirdness & Mutations

You have a pair of horns on your head.
You reflexively headbutt those who attack you in melee.


Message History

The orc wizard flickers and vanishes!
Deactivating autopickup; reactivate with Ctrl-A.
You hit something but do no damage. You headbutt something.
Okawaru accepts your kill.
Reactivating autopickup.
You feel a bit more experienced.
Items here: )) [[.
Erolcha the Cunning comes into view.
She is wielding a +0 giant spiked club and wearing a +2 robe of willpower.
Erolcha shouts!
Press: ? - help, v - describe, . - travel
Here: Erolcha, wielding a +0 giant spiked club and wearing a +2 robe of willpower The floor.
Erolcha gestures wildly while chanting.
Erolcha blinks!
Erolcha casts a spell.
Erolcha flickers and vanishes!
Deactivating autopickup; reactivate with Ctrl-A.
Okay, then.
You barely miss something. Your headbutt misses something.
Something hits you!!!
You gain the combat prowess of a mighty hero.
You block something's attack.
You closely miss something. You slash something! Something hits you!!
You slash something! Your headbutt misses something.
You closely miss something. Your headbutt misses something. Something hits you.
You hit something but do no damage. You headbutt something!
Something hits you!!
* * * LOW HITPOINT WARNING * * *
A red film seems to cover your vision as you go berserk!
You feel yourself moving faster!
You feel mighty!
Okay, then.
You hit something. Your headbutt misses something.
You hear some strange, mumbled words.
You feel a strong urge to attack something.
You feel your anger nearly subside.
You are no longer berserk.
You are exhausted.
You feel yourself slow down. Something hits you!
You die...

#...........#
#####.####### #.# #.##
#.)### ##.).#
##########.####
##########.............#
.........@.............#
##########........>....#
#.............#
#.............#
###############


There were no monsters in sight!

Vanquished Creatures
  A boulder beetle (D:8)
  A two-headed ogre (D:8)
  A troll (D:9)
  Grum (D:8)
  3 black bears (D:6)
  An ice beast (D:6)
  2 orc warriors
  A sky beast (D:7)
  3 ogres
  4 wolves (D:8)
  2 centaurs
  A phantom (D:5)
  4 bullfrogs
  5 wights (D:8)
  3 killer bees
  3 howler monkeys
  A bombardier beetle (D:6)
  4 hounds
  5 orc priests
  3 jellies
  A gnoll bouda (D:7)
  Natasha (thrice) (D:3)
  5 iguanas
  11 orc wizards
  12 adders
  9 gnolls
  5 river rats (D:6)
  A shadow imp (D:5)
  4 white imps
  4 dart slugs
  3 ribbon worms
  33 orcs
  6 endoplasms
  4 giant cockroaches
  7 goblins
  5 hobgoblins
  2 jackals (D:3)
  7 kobolds
  8 quokkas
  5 ball pythons
  2 bats
  2 frilled lizards (D:3)
  20 rats
208 creatures vanquished.

Notes
Turn   | Place    | Note
-------+----------+-------------------------------------------
     0 | D:1      | qhelerd the Minotaur Fighter began the quest for the Orb.
     0 | D:1      | Reached XP level 1. HP: 19/19 MP: 0/0
   120 | D:1      | Reached XP level 2. HP: 27/27 MP: 1/1
   240 | D:1      | Found a faded altar of an unknown god.
   704 | D:2      | Found an ancient bone altar of Kikubaaqudgha.
   726 | D:2      | Reached skill level 3 in Axes
   726 | D:2      | Reached XP level 3. HP: 33/34 MP: 2/2
   980 | D:2      | Reached XP level 4. HP: 39/41 MP: 3/3
  1206 | D:2      | Found Onkeh's Armour Shop.
  1308 | D:3      | Noticed Natasha
  1317 | D:3      | Reached skill level 5 in Fighting
  1326 | D:3      | Killed Natasha
  1327 | D:3      | Reached skill level 4 in Axes
  1414 | D:3      | Reached XP level 5. HP: 47/48 MP: 4/4
  1535 | D:3      | Noticed Natasha
  1564 | D:3      | Killed Natasha
  1565 | D:3      | Reached skill level 5 in Axes
  1775 | D:3      | Noticed Natasha
  1787 | D:3      | Killed Natasha
  1853 | D:3      | Reached XP level 6. HP: 33/57 MP: 5/5
  2118 | D:3      | Noticed Grinder
  2290 | D:4      | Found Xiunun's Book Emporium.
  2670 | D:4      | Found a staircase to the Ecumenical Temple.
  2679 | Temple   | Entered the Ecumenical Temple
  2683 | Temple   | Became a worshipper of Warmaster Okawaru
  2729 | D:5      | Entered Level 5 of the Dungeon
  2739 | D:4      | Reached skill level 6 in Axes
  2838 | D:5      | Reached XP level 7. HP: 37/66 MP: 6/6
  3032 | D:5      | Reached * piety under Okawaru
  3033 | D:5      | Reached skill level 7 in Axes
  3376 | D:5      | Reached skill level 1 in Invocations
  3761 | D:6      | Reached skill level 8 in Axes
  3761 | D:6      | Reached XP level 8. HP: 69/74 MP: 8/8
  3884 | D:6      | Found a blossoming altar of Fedhas.
  3905 | D:6      | Reached ** piety under Okawaru
  3975 | D:6      | Reached skill level 9 in Axes
  4047 | D:6      | Found a shadowy altar of Dithmenos.
  4048 | D:6      | Found a sparkling altar of Nemelex Xobeh.
  4289 | D:6      | Reached skill level 10 in Axes
  4417 | D:6      | Reached XP level 9. HP: 83/83 MP: 10/10
  4570 | D:7      | Found Vaduimimog's Mass Market.
  4576 | D:7      | Bought a +0 tower shield for 72 gold pieces
  4659 | D:7      | Found a broken altar of Ashenzari.
  5401 | D:8      | Noticed Grum
  5409 | D:8      | Reached skill level 11 in Axes
  5428 | D:8      | Reached *** piety under Okawaru
  5434 | D:8      | Reached skill level 10 in Fighting
  5452 | D:8      | Noticed a two-headed ogre
  5463 | D:8      | Killed a two-headed ogre
  5464 | D:8      | Reached skill level 12 in Axes
  5495 | D:8      | Killed Grum
  5693 | D:8      | Noticed a boulder beetle
  5735 | D:8      | Killed a boulder beetle
  5735 | D:8      | Reached **** piety under Okawaru
  5736 | D:8      | Reached skill level 13 in Axes
  5736 | D:8      | Reached XP level 10. HP: 20/95 MP: 12/12
  6767 | D:9      | Noticed Erolcha
  6786 | D:9      | Slain by Erolcha

Illustrated notes

Levels and vault maps discovered:
D:1:      psy_arrival_dodecagon, layout_basic,
          dreamdust_ecumenical_altar_statues
D:2:      layout_loops_ring, serial_shops, shop, basic_altar
D:3:      layout_loops_ring, tso_altar, kennysheep_doodads, st_stairs_10,
          uniq_natasha, uniq_grinder
D:4:      layout_rooms, lemuel_temple_firewalk_b, serial_shops, shop,
          grunt_decor_mini_mirrors
D:5:      layout_basic, hangedman_abyss_or_decor_lesser_grid
D:6:      lemuel_ratsnest, layout_rooms, gammafunk_temple_overflow_forgotten
D:7:      layout_rooms, evilmike_ruin_ashenzari, minmay_shop_mass,
          minmay_misc_feat_rows
D:8:      layout_gridville, enter_bailey_5, uniq_grum
D:9:      layout_roguey, uniq_erolcha
Temple:   sentei_temple_godly_chess

Skill      XL: |  1  2  3  4  5  6  7  8  9 |
---------------+----------------------------+-----
Fighting       | 4 5 6 7 8 9 11 | 11.3
Armour         | 4 |  4.0
Axes           | 3 4 5 6 8 10 13 | 13.5
Invocations    | 1 3 4 |  4.4
Shields        | |  3.9

Action                     |  1- 3 |  4- 6 |  7- 9 | 10-12 || total
---------------------------+-------+-------+-------+-------++-------
  Melee: War axe           |    50 |   167 |   292 |    51 ||   560
         Headbutt          |     6 |    17 |    60 |    10 ||    93
  Throw: Boomerang         |       |       |       |     4 ||     4
 Invoke: Heroism           |       |       |     3 |     1 ||     4
  Evoke: Wand              |       |       |     2 |       ||     2
    Use: Potion            |       |       |     5 |     1 ||     6
         Scroll            |       |       |     3 |     1 ||     4
 Armour: Scale mail        |    37 |   179 |   198 |    44 ||   458
  Dodge: Dodged            |    18 |    76 |    93 |     9 ||   196
  Block: Buckler           |     8 |    42 |    33 |       ||    83
         Tower shield      |       |       |    79 |    24 ||   103

Table legend: (Time is in decaauts)
 A = Elapsed time spent in this place.
 B = Non-inter-level travel time spent in this place.
 C = Inter-level travel time spent in this place.
 D = Time resting spent in this place.
 E = Time spent auto-exploring this place.
 F = Levels seen in this place.
 G = Mean time per level.
                   A        B        C        D        E       F      G
               +--------+--------+--------+--------+--------+-----+--------+
         Total |   6897 |   6692 |    205 |   1093 |   4010 |  10 |  689.7 |
       Dungeon |   6889 |   6684 |    205 |   1093 |   4010 |   9 |  765.4 |
        Temple |      7 |      7 |      0 |      0 |      0 |   1 |    7.0 |
               +--------+--------+--------+--------+--------+-----+--------+

Top non-repeatable levels by time:
     D:8: 1107 daAuts
     D:5: 937 daAuts
     D:6: 877 daAuts
     D:7: 831 daAuts
     D:3: 784 daAuts
     D:2: 715 daAuts
     D:1: 710 daAuts
     D:4: 608 daAuts
     D:9: 316 daAuts
  Temple: 7 daAuts
